 Dungeon Sprint DCSS version 0.30-a0-279-g4b46babb21 (webtiles) character file.

Game seed: 15484962649652510524

11763 rocky1 the Black Belt (level 11, -8/111 HPs)
             Began as an Octopode Transmuter on Oct 17, 2022.
             Was an Initiate of Gozag.
             Mangled by a tentacle (12 damage)
             ... attached to a kraken
             ... in the Dungeon (Sprint III: "The Ten Rune Challenge").
             The game lasted 00:23:15 (5732 turns).

rocky1 the Black Belt (Octopode Transmuter)         Turns: 5732, Time: 00:23:16

Health: -8/111     AC: 25    Str:  8    XL:     11   Next: 82%
Magic:  26/26      EV:  2    Int: 24    God:    Gozag
Gold:   1006       SH:  0    Dex: 12    Spells: 22/32 levels left

rFire   + . .      SeeInvis .      - Unarmed
rCold   + . .      Faith    .    (no shield)
rNeg    . . .      Spirit   .    (helmet currently unavailable)
rPois   +          Reflect  .    (no amulet)
rElec   +          Harm     .    (no ring)
rCorr   +          Rampage  .    (no ring)
Will    .....      Clarity  +    (no ring)
Stlth   +++++..... NoTele   +    (no ring)
HPRegen 0.38/turn                (no ring)
MPRegen 0.20/turn                (no ring)
                                 (no ring)
                                 (no ring)

@: mighty, tree-form, resistant, hasted, very quick
A: stationary, stasis, torment immunity, boosted hp, almost no armour,
(amphibious), 8 rings, (camouflage 1), (gelatinous body 1), (nimble swimmer 1),
(tentacles), (beak), clarity, clever 1, (electricity resistance)
a: End Transformation, Renounce Religion, Potion Petition, Call Merchant, Bribe
Branch


You were in the Dungeon.
You worshipped Gozag.
Gozag was most pleased with you.
You were a tree.
You visited 1 branch You collected 5808 gold pieces.
You spent 780 gold pieces at shops.
You paid 4022 gold pieces to Gozag.

Inventory:

Hand Weapons
 s - the +12 pair of quick blades "Gyre" and "Gimble" {protect}
   (You found it in the Dungeon)

   It grants its wielder temporary protection when it strikes (+7 to AC).
Missiles
 d - 4 javelins
Wands
 f - a wand of digging (6)
 r - a wand of light (6)
Scrolls
 h - 3 scrolls of poison
 i - a scroll of identify
 k - a scroll of immolation
 n - 2 scrolls of silence {unknown}
 o - a scroll of enchant weapon {unknown}
 p - a scroll of fog {unknown}
 q - a scroll of acquirement {unknown}
Potions
 a - 2 potions of lignification
 b - 6 potions of curing
 c - a potion of attraction
 e - 3 potions of magic
 j - 3 potions of flight
 l - 7 potions of mutation
 m - 2 potions of resistance


   Skills:
 * Level 6.4 Fighting
 + Level 10.5 Dodging
 + Level 13.0 Stealth
 + Level 18.5 Unarmed Combat
 + Level 11.0 Spellcasting
 + Level 10.6 Transmutations
 + Level 6.9 Ice Magic
 + Level 2.0 Poison Magic


You had 22 spell levels left.
You knew the following spells:

 Your Spells              Type           Power      Damage    Failure   Level
a - Beastly Appendage     Tmut           100%       N/A       1%          1
b - Spider Form           Tmut/Pois      43%        N/A       1%          3
c - Ice Form              Ice/Tmut       53%        N/A       1%          4
d - Wereblood             Tmut           59%        N/A       1%          2

Your spell library contained the following spells:

 Spells                   Type           Power      Damage    Failure   Level
 Inner Flame              Hex/Fire       13%        N/A       14%         3
 Flame Wave               Conj/Fire      13%        2d6       43%         4
 Sticky Flame             Conj/Fire      13%        2d4       43%         4
 Haunt                    Necr/Summ      6%         N/A       100%        7
 Infestation              Necr           6%         N/A       100%        8
 Animate Dead             Necr           Unusable   N/A       N/A         4

Dungeon Overview and Level Annotations

Branches:
Dungeon (1/1)

Altars:
Cheibriados
Dithmenos
Elyvilon
Fedhas
Gozag
Hepliaklqana
Kikubaaqudgha
Makhleb
Nemelex Xobeh
Okawaru
Qazlal
Ru
Sif Muna
Trog
Uskayaw
Vehumet
Wu Jian
Xom
Yredelemnul
Zin
The Shining One
Jiyva
Lugonu


Innate Abilities, Weirdness & Mutations

You are a tree.
Your roots penetrate the ground, keeping you stationary.
You cannot be teleported.
You are immune to unholy pain and torment.
Your maximum health is greatly increased.
You cannot wear most types of armour.
((You are amphibious.))
You can wear up to eight rings at the same time.
((Your skin changes colour to match your surroundings (Stealth+).))
((Your rubbery body absorbs attacks. (AC +1, EV +1)))
((You are camouflaged when in or above water. (Stealth+)))
((You have tentacles for arms and can constrict up to eight enemies at once.))
((You have a beak for a mouth.))
You possess an exceptional clarity of mind.
Your mind is acute. (Int +4, Str/Dex -1)
((You are resistant to electric shocks. (rElec)))


Message History

You feel protected.
You feel mightier all of a sudden.
You feel yourself speed up.
You feel much better. Magic courses through your body.
The tentacle slaps you but does no damage. x2
The tentacle slaps you!
The tentacle slaps you but does no damage.
You pummel the tentacle!!
The tentacle is heavily wounded.
The tentacle slaps you but does no damage. x2
The kraken bites the plant!!!
The plant begins to die.
The tentacle slaps you!!
* * * LOW HITPOINT WARNING * * *
A tentacle segment comes into view.
Unknown command.
You smack the tentacle!
You punch the tentacle!
The tentacle is almost dead.
The tentacle slaps you but does no damage.
The tentacle slaps you!
* * * LOW HITPOINT WARNING * * *
Unknown command.
You pummel the tentacle!!
You kill the tentacle!
The tentacle slaps you but does no damage.
The kraken bites the plant!!
A tentacle segment comes into view.
Unknown command.
You pummel the tentacle segment!! You punch the tentacle segment.
The tentacle segment is almost dead.
The tentacle slaps you but does no damage.
The tentacle barely misses you.
Unknown command.
You pummel the tentacle segment!!
You kill the tentacle segment!
The kraken bites the plant!!
The tentacle slaps you!
* * * LOW HITPOINT WARNING * * *
Unknown command.
You thrash the tentacle!!!
The tentacle is almost dead.
The tentacle slaps you!
You die...
Your body crumbles into a pile of gold.

♣♣♣♣.##..##~~~~~≈..#§°#
♣...##.##.#~~~~≈...#☼○#
♣♣.##.##.##'~~~≈≈####'#
♣..#.##..)#~~.....○°○#
♣♣.##.##..#≈.((#######
♣♣.##.#####...#......#
♣.....##......#♣♣♣._.#
########'#############
▓...♣........▓
▓≈≈w.......≈≈▓
▓≈≈XP...P.≈≈≈▓ $
▓≈≈≈≈≈..≈≈≈≈≈▓
▓≈≈≈≈~≈≈~≈≈≈≈▓
▓≈≈≈~≈≈≈≈~≈≈≈▓
▓≈≈~≈≈≈≈≈≈~≈≈▓
▓≈~≈≈≈≈≈≈≈≈~≈▓
▓~≈≈≈≈≈≈≈≈≈≈~▓


You could see a kraken and a tentacle.

Vanquished Creatures
  Josephine (D)
  A hydra (D)
  A centaur warrior (D)
  Urug (D)
  A death drake (D)
  A spriggan druid (D)
  A lindwurm (D)
  A deep elf pyromancer (D)
  2 unseen horrors (D)
  2 cane toads (D)
  A rime drake (D)
  A komodo dragon (D)
  A queen bee (D)
  2 tyrant leeches (D)
  2 snapping turtles (D)
  5 blink frogs (D)
  3 wandering mushrooms (D)
  A shadow (D)
  2 spriggans (D)
  3 redbacks (D)
  A spatial vortex (D)
  A swamp drake (D)
  A black mamba simulacrum (D)
  2 centaurs (D)
  An earth elemental (D)
  A necrophage (D)
  A water elemental (D)
  32 killer bees (D)
  A jelly (D)
  A wizard (D)
  A necromancer (D)
  3 wolf simulacra (D)
  3 humans (D)
  A kobold demonologist (D)
  A wolf (D)
  4 rats (D)
  A ballistomycete spore (D)
  4 tentacles (D)
93 creatures vanquished.

Vanquished Creatures (others)
  A hydra (D)
  An electric eel (D)
  2 fungi (D)
  4 plants (D)
  12 tentacles (D)
20 creatures vanquished.

Grand Total: 113 creatures vanquished

Notes
Turn   | Place    | Note
-------+----------+-------------------------------------------
     0 | D        | rocky1 the Octopode Transmuter began the quest for the Orb.
     0 | D        | Reached XP level 1. HP: 13/13 MP: 3/3
    42 | D        | Noticed a wolf
    52 | D        | Reached skill level 4 in Unarmed Combat
    52 | D        | Reached XP level 2. HP: 11/18 MP: 3/6
   194 | D        | Reached skill level 5 in Unarmed Combat
   194 | D        | Reached XP level 3. HP: 6/23 MP: 7/7
   330 | D        | Learned a level 3 spell: Spider Form
   354 | D        | Gained mutation: You possess an exceptional clarity of
                  | mind. [potion of mutation]
   354 | D        | Gained mutation: You are vulnerable to cold. (rC-) [potion
                  | of mutation]
   354 | D        | Gained mutation: You occasionally shout uncontrollably at
                  | your foes. [potion of mutation]
   355 | D        | Lost mutation: You occasionally shout uncontrollably at
                  | your foes. [potion of mutation]
   355 | D        | Lost mutation: You are vulnerable to cold. (rC-) [potion of
                  | mutation]
   355 | D        | Gained mutation: Your mind is acute. (Int +4, Str/Dex -1)
                  | [potion of mutation]
   355 | D        | Gained mutation: You have a beak for a mouth. [potion of
                  | mutation]
   355 | D        | Gained mutation: You are resistant to electric shocks.
                  | (rElec) [potion of mutation]
   375 | D        | Noticed a water elemental
   382 | D        | Killed a water elemental
   383 | D        | Reached skill level 1 in Stealth
   383 | D        | Reached skill level 6 in Unarmed Combat
   383 | D        | Reached XP level 4. HP: 28/28 MP: 8/10
   543 | D        | Learned a level 4 spell: Ice Form
   583 | D        | Noticed a shadow
   589 | D        | Reached skill level 7 in Unarmed Combat
   589 | D        | Reached XP level 5. HP: 33/33 MP: 3/11
   765 | D        | Killed a shadow
   766 | D        | Reached skill level 8 in Unarmed Combat
   766 | D        | Reached skill level 5 in Spellcasting
   766 | D        | Reached skill level 5 in Transmutations
   766 | D        | Reached XP level 6. HP: 23/39 MP: 8/14
   906 | D        | Found a blossoming altar of Fedhas.
   906 | D        | Found a stormy altar of Qazlal.
   906 | D        | Found a snail-covered altar of Cheibriados.
   906 | D        | Found a burning altar of Makhleb.
   906 | D        | Found a shimmering altar of Xom.
   906 | D        | Noticed a spatial vortex
   910 | D        | Found a hazy altar of Hepliaklqana.
   910 | D        | Found an opulent altar of Gozag.
   910 | D        | Found a sparkling altar of Nemelex Xobeh.
   910 | D        | Found a corrupted altar of Lugonu.
   910 | D        | Found a viscous altar of Jiyva.
   916 | D        | Became a worshipper of Gozag Ym Sagoz the Greedy
  1144 | D        | Killed a spatial vortex
  1145 | D        | Reached skill level 5 in Dodging
  1145 | D        | Reached skill level 9 in Unarmed Combat
  1145 | D        | Reached skill level 1 in Ice Magic
  1173 | D        | Found a radiant altar of Vehumet.
  1173 | D        | Found a shimmering blue altar of Sif Muna.
  1173 | D        | Found an ancient bone altar of Kikubaaqudgha.
  1178 | D        | Reached XP level 7. HP: 45/45 MP: 8/16
  1192 | D        | Found a hide-covered altar of Uskayaw.
  1192 | D        | Found an iron altar of Okawaru.
  1192 | D        | Found a bloodstained altar of Trog.
  1192 | D        | Found an ornate altar of the Wu Jian Council.
  1192 | D        | Noticed a human
  1192 | D        | Noticed a human
  1196 | D        | Killed a human
  1197 | D        | Reached skill level 10 in Unarmed Combat
  1202 | D        | Killed a human
  1203 | D        | Reached skill level 5 in Stealth
  1219 | D        | Found a basalt altar of Yredelemnul.
  1219 | D        | Found a shadowy altar of Dithmenos.
  1219 | D        | Found a sacrificial altar of Ru.
  1447 | D        | Found a glowing silver altar of Zin.
  1447 | D        | Found a glowing golden altar of the Shining One.
  1447 | D        | Found a white marble altar of Elyvilon.
  1448 | D        | Noticed a deep elf pyromancer
  1455 | D        | Killed a deep elf pyromancer
  1456 | D        | Reached skill level 11 in Unarmed Combat
  1456 | D        | Reached XP level 8. HP: 52/52 MP: 17/20
  1486 | D        | Noticed Josephine
  1498 | D        | Killed Josephine
  1499 | D        | Reached skill level 12 in Unarmed Combat
  1499 | D        | Reached skill level 1 in Poison Magic
  1499 | D        | Reached XP level 9. HP: 31/57 MP: 19/21
  1985 | D        | Noticed a centaur warrior
  2002 | D        | Killed a centaur warrior
  2003 | D        | Reached skill level 13 in Unarmed Combat
  2003 | D        | Reached skill level 5 in Ice Magic
  2593 | D        | Killed an unseen horror
  2594 | D        | Reached skill level 14 in Unarmed Combat
  2599 | D        | Killed an unseen horror
  2600 | D        | Reached skill level 10 in Stealth
  2600 | D        | Reached XP level 10. HP: 45/63 MP: 23/23
  2800 | D        | Reached skill level 5 in Fighting
  2810 | D        | Reached skill level 15 in Unarmed Combat
  3473 | D        | Bought 2 potions of curing for 90 gold pieces
  3473 | D        | Bought a potion of curing for 45 gold pieces
  3473 | D        | Bought a potion of resistance for 150 gold pieces
  3473 | D        | Bought a potion of lignification for 45 gold pieces
  3473 | D        | Bought 2 potions of mutation for 240 gold pieces
  3473 | D        | Bought a potion of curing for 45 gold pieces
  3473 | D        | Bought a potion of magic for 120 gold pieces
  3473 | D        | Bought a potion of attraction for 45 gold pieces
  3477 | D        | Learned a level 2 spell: Wereblood
  3484 | D        | Noticed a cane toad
  3484 | D        | Noticed a cane toad
  3488 | D        | Killed a cane toad
  3489 | D        | Reached skill level 16 in Unarmed Combat
  3492 | D        | Killed a cane toad
  3720 | D        | Reached XP level 11. HP: 72/72 MP: 18/24
  3742 | D        | Noticed a lindwurm
  3748 | D        | Killed a lindwurm
  3749 | D        | Reached skill level 17 in Unarmed Combat
  4031 | D        | Noticed Urug
  4042 | D        | HP: 2/86 [Urug/+0 glaive of protection (30)]
  4044 | D        | Killed Urug
  4045 | D        | Reached skill level 10 in Spellcasting
  4204 | D        | Killed a seven-headed hydra
  4321 | D        | Reached skill level 10 in Dodging
  4394 | D        | Reached skill level 10 in Transmutations
  4602 | D        | Noticed a six-headed hydra
  4606 | D        | Noticed a death drake
  4616 | D        | Killed a death drake
  4617 | D        | Reached skill level 18 in Unarmed Combat
  4620 | D        | Killed a six-headed hydra
  4720 | D        | Found a blossoming altar of Fedhas.
  4720 | D        | Noticed a spriggan druid
  4735 | D        | Killed a spriggan druid
  4909 | D        | Found the +12 pair of quick blades "Gyre" and "Gimble"
                  | {protect}
  5067 | D        | Noticed a kraken
  5731 | D        | HP: 4/111 [tentacle[a kraken] (17)]
  5732 | D        | Mangled by a tentacle

Illustrated notes

Levels and vault maps discovered:
D:        dungeon_sprint_mu [sprint_mu_entry_forest, sprint_mu_temple_rooms,
          sprint_mu_d1_horrors, sprint_mu_d2_genie, sprint_mu_d3_branching,
          sprint_mu_orc_legion, sprint_mu_elf_gauntlet, sprint_mu_hive_nellie,
          sprint_mu_lair_fedhas, sprint_mu_vaults_butterflies,
          sprint_mu_slime_circle, sprint_mu_shoals_kraken,
          sprint_mu_snake_twists, sprint_mu_blade_basic,
          sprint_mu_crypt_chambers, sprint_mu_tomb_spiral,
          sprint_mu_vestibule_basic, sprint_mu_gehenna_hellfire,
          sprint_mu_dis_giant, sprint_mu_tartarus_statrot,
          sprint_mu_cocytus_islands, sprint_mu_zot1]

Skill      XL: |  1  2  3  4  5  6  7  8  9 10 11 |
---------------+----------------------------------+-----
Unarmed Combat | 4 5 6 7 8 9 11 12 14 16 18 | 18.5
Spellcasting   | 3 4 5 6 8 9 11 | 11.0
Transmutations | 3 4 5 6 7 8 9 10 | 10.6
Dodging        | 3 4 5 6 7 9 10 | 10.5
Stealth        | 1 3 4 6 8 10 11 13 | 13.0
Fighting       | 2 3 4 5 6 |  6.4
Ice Magic      | 1 4 5 6 |  6.9
Poison Magic   | 1 2 |  2.0

Action                   |  1- 3 |  4- 6 |  7- 9 | 10-12 || total
-------------------------+-------+-------+-------+-------++-------
Melee: Unarmed           |    25 |    15 |    81 |   277 ||   398
       Constrict         |     6 |       |       |       ||     6
       Tentacles         |     5 |       |       |       ||     5
       Kick              |     2 |       |       |       ||     2
       Punch             |     1 |       |       |     2 ||     3
 Cast: Beastly Appendage |     5 |       |       |     1 ||     6
       Ice Form          |       |     5 |     5 |    17 ||    27
       Spider Form       |       |       |     2 |       ||     2
       Wereblood         |       |       |       |     6 ||     6
Invok: Potion Petition   |       |       |     2 |     6 ||     8
       Call Merchant     |       |       |       |     1 ||     1
  Use: Potion            |     3 |       |       |     3 ||     6
       Scroll            |       |       |     3 |     1 ||     4
 Stab: Sleeping          |     1 |     2 |     3 |     3 ||     9
       Distracted        |       |       |       |     4 ||     4
       Confused          |       |       |       |     1 ||     1
Armor: Skin              |     1 |     1 |    52 |    79 ||   133
Dodge: Dodged            |    12 |     2 |    38 |   113 ||   165

Table legend: (Time is in decaauts)
 A = Elapsed time spent in this place.
 B = Non-inter-level travel time spent in this place.
 C = Inter-level travel time spent in this place.
 D = Time resting spent in this place.
 E = Time spent auto-exploring this place.
 F = Levels seen in this place.
 G = Mean time per level.
                   A        B        C        D        E       F      G
               +--------+--------+--------+--------+--------+-----+--------+
         Total |   5640 |   5594 |     46 |   4513 |      1 |   1 | 5640.0 |
       Dungeon |   5640 |   5594 |     46 |   4513 |      1 |   1 | 5640.0 |
               +--------+--------+--------+--------+--------+-----+--------+

Top non-repeatable levels by time:
       D: 5640 daAuts
